 Dungeon Crawl Stone Soup version 0.31.0-1-g2c135a008e (webtiles) character file.

Game seed: 7009422115869718597

1201 qw the Shooter (level 8, -5/59 HPs)
             Began as a Djinni Hunter on Jan 23, 2024.
             Slain by an orc warrior
             ... wielding a +0 trident
              (8 damage)
             ... on level 6 of the Dungeon.
             The game lasted 00:00:21 (5012 turns).

qw the Shooter (Djinni Hunter)                      Turns: 5012, Time: 00:00:22

Health: -5/59      AC: 10    Str: 10    XL:     8   Next: 72%
Gold:   110        EV: 12    Int: 11    God:
                   SH:  0    Dex: 19

rFire   + + +        a - +1 shortbow
rCold   x . .        (shield currently unavailable)
rNeg    . . .        b - +0 ring mail
rPois   inf          g - +0 helmet
rElec   .            f - +0 cloak
rCorr   +            h - +2 pair of gloves
SInv    .            (boots unavailable)
Will    .....        (no amulet)
Stlth   +            e - ring "Huirphur" {rF+ rCorr}
HPRegen 0.29/turn    (no ring)
MPRegen 0.00/turn

%: infuse magic (-6 HP)
@: flying
A: sickness immunity, fire resistance 2, cold vulnerability 1, float, innate
caster, HP casting, extra vitality 1
a: no special abilities


You were on level 6 of the Dungeon.
You visited 1 branch of the dungeon, and saw 6 of its levels.
You also visited: Sewer.

You collected 281 gold pieces.
You spent 171 gold pieces at shops.


Innate Abilities, Weirdness & Mutations

You are immune to sickness and miasma.
You are immune to poison.
Your flesh is very heat resistant. (rF++)
You are vulnerable to cold. (rC-)
You float through the air rather than walking.
You learn spells naturally, not from books.
Your magical power is your life essence.
You have superior vitality. (+4 MHP)


   Skills:
 - Level 5.0 Fighting
 + Level 7.2 Ranged Weapons
 - Level 2.1 Armour
 - Level 4.1 Dodging
 - Level 0.7 Stealth


You knew the following spells:

 Your Spells              Type           Power      Damage    Failure   Level
a - Sting                 Conj/Alch      0%         1d3       65%         1
b - Momentum Strike       Conj/Tloc      0%         3d8       80%         2
c - Call Imp              Summ           0%         N/A       80%         2
Your spell library was empty.

Inventory:

Hand Weapons
 a - a +1 shortbow (weapon)
Armour
 b - a +0 ring mail (worn)
 f - a +0 cloak (worn)
 g - a +0 helmet (worn)
 h - a +2 pair of gloves (worn)
Jewellery
 e - the ring "Huirphur" (left hand) {rF+ rCorr}
   (You acquired it in a sewer)

   [ring of protection from fire]

   rF+:       It protects you from fire.
   rCorr:     It protects you from acid and corrosion.
Scrolls
 i - a scroll of silence {unknown}
Potions
 c - a potion of brilliance {unknown}
 d - a potion of lignification {unknown}
 j - a potion of haste

Dungeon Overview and Level Annotations

Branches:
Dungeon (6/15)              Sewer (visited)
 Temple: D:4-7

Altars:
Cheibriados
Elyvilon
Trog
Wu Jian
Xom
Zin

Shops:
D:1 *   D:4 [   D:5 [

Annotations:
D:3 2 runed translucent doors, qw's ghost, amateur GrHu


Message History

The orc warrior hits you but does no damage.
The orc barely misses you.
You shoot an arrow.
The arrow hits the orc but does no damage.
The orc is heavily wounded.
The orc warrior hits you from afar with a +0 trident.
The orc barely misses you.
You shoot an arrow. The arrow closely misses the orc.
The orc warrior closely misses you. The orc completely misses you.
You shoot an arrow. The arrow barely misses the orc.
The orc warrior hits you from afar with a +0 trident!
The orc hits you with a +0 club.
The orc warrior hits you from afar with a +0 trident.
The orc closely misses you.
You shoot an arrow. The arrow hits the orc!
You kill the orc!
The orc warrior closely misses you.
You shoot an arrow.
The arrow barely misses the orc warrior.
The orc warrior hits you from afar with a +0 trident!
You shoot an arrow. The arrow hits the orc warrior!
The orc warrior is heavily wounded.
The orc warrior hits you from afar with a +0 trident.
You shoot an arrow. The arrow hits the orc warrior.
The orc warrior is heavily wounded.
The orc warrior barely misses you.
You shoot an arrow. The arrow hits the orc warrior.
The orc warrior is severely wounded.
The orc warrior hits you from afar with a +0 trident!
The orc warrior misses you.
You shoot an arrow. The arrow hits the orc warrior.
The orc warrior is almost dead.
The orc warrior hits you from afar with a +0 trident.
You shoot an arrow.
The arrow closely misses the orc warrior.
The orc warrior closely misses you.
You shoot an arrow. The arrow hits the orc warrior.
The orc warrior is almost dead.
The orc warrior hits you from afar with a +0 trident!
You die...

............#
........... ....
.........
.............).
#.............
#.......# ..o
#.......###)######
#.......##.@.....#
..................#
..................#
#................#
#.......##+#######
+.......# ....
#.......#......
#.......#......
#######)##......


You could see an orc warrior.

Vanquished Creatures
  2 black bears
  A phantom (D:5)
  A bullfrog (D:6)
  A gnoll sergeant (D:6)
  2 scorpions
  5 jellies
  A hound (D:6)
  A gnoll bouda (D:5)
  5 iguanas
  An orc wizard (D:6)
  12 gnolls
  11 adders
  A river rat (Sewer)
  2 ufetubi (D:5)
  3 dart slugs
  3 ribbon worms
  5 orcs
  7 endoplasms
  3 giant cockroaches
  A hobgoblin (D:2)
  4 jackals (D:5)
  2 quokkas
  11 ball pythons
  8 bats
  7 frilled lizards
  3 goblins
  10 kobolds
  6 rats
119 creatures vanquished.

Notes
Turn   | Place    | Note
-------+----------+-------------------------------------------
     0 | D:1      | qw the Djinni Hunter began the quest for the Orb.
     0 | D:1      | Reached XP level 1. HP: 18/18 MP: 0/0
     0 | D:1      | 0 ||| qw: Version: 0.3-a-134-g2ba4250
     0 | D:1      | 0 ||| qw: Game counter: 714
     0 | D:1      | 0 ||| qw: Melee chars always use a shield: true
     0 | D:1      | 0 ||| qw: God list: Okawaru
     0 | D:1      | 0 ||| qw: Allow faded altars: false
     0 | D:1      | 0 ||| qw: Do Orc after clearing Dungeon:15 true
     0 | D:1      | 0 ||| qw: Do second Lair branch before Depths: true
     0 | D:1      | 0 ||| qw: Lair rune preference: random
     0 | D:1      | 0 ||| qw: Goals: Normal
     0 | D:1      | 0 ||| PLANNING D:1-11
   180 | D:1      | Found Uliukuak's Assorted Antiques.
   185 | D:1      | 185 ||| SHOPLISTING 2 pink potions (32 gold, have 26).
   185 | D:1      | 185 ||| BUYING scroll labelled KORRE YCWO (18 gold).
   185 | D:1      | Bought a scroll labelled KORRE YCWO for 18 gold pieces
   185 | D:1      | 185 ||| SHOPLISTING scroll labelled KORRE YCWO (18 gold,
                  | have 8).
   185 | D:1      | 185 ||| SHOPLISTING wooden ring (90 gold, have 8).
   245 | D:1      | Found a faded altar of an unknown god.
   247 | D:1      | Reached XP level 2. HP: 23/23 MP: 0/0
   596 | D:1      | 596 ||| UPGRADING to +2 pair of gloves.
   601 | D:1      | 601 ||| READING scroll labelled QIS VUITIESE.
   601 | D:1      | 601 ||| ENCHANTING +0 shortbow.
   602 | D:1      | 602 ||| READING scroll labelled RITUYP QIHU.
   603 | D:1      | 603 ||| READING 3 scrolls labelled MEAMOS BOITUI.
   604 | D:1      | 604 ||| READING scroll labelled KORRE YCWO.
   604 | D:1      | 604 ||| IDENTIFYING bubbling clear potion
   605 | D:1      | 605 ||| READING scroll labelled SEAHUK VUAT.
   706 | D:1      | 706 ||| DRINKING 2 viscous brown potions.
   707 | D:1      | 707 ||| DROPPING scroll of butterflies.
   708 | D:1      | 708 ||| DROPPING 2 scrolls of amnesia.
   709 | D:1      | 709 ||| DROPPING potion of magic.
  1027 | D:2      | Reached skill level 4 in Ranged Weapons
  1027 | D:2      | Reached XP level 3. HP: 28/28 MP: 0/0
  1027 | D:2      | Learned a level 1 spell: Sting
  1248 | D:2      | Reached skill level 3 in Fighting
  1248 | D:2      | Reached XP level 4. HP: 31/35 MP: 0/0
  1519 | D:2      | 1519 ||| UPGRADING to +0 ring mail.
  1529 | D:2      | 1529 ||| DROPPING +0 leather armour.
  1591 | D:3      | Found a large runed translucent door.
  1591 | D:3      | Found a large runed translucent door.
  1593 | D:3      | Noticed qw's ghost (amateur GrHu)
  1644 | D:3      | 1644 ||| READING 2 scrolls of identify.
  1644 | D:3      | 1644 ||| IDENTIFYING bubbling pink potion
  1645 | D:3      | 1645 ||| READING scroll of identify.
  1645 | D:3      | 1645 ||| IDENTIFYING white potion
  1646 | D:3      | 1646 ||| DROPPING potion of attraction.
  1647 | D:3      | 1647 ||| DROPPING potion of invisibility.
  1657 | D:3      | Reached skill level 1 in Armour
  1755 | D:3      | Found a bloodstained altar of Trog.
  1802 | D:3      | Reached XP level 5. HP: 40/40 MP: 0/0
  1802 | D:3      | Learned a level 2 spell: Momentum Strike
  1805 | D:3      | HP: 7/40 [gnoll/+0 halberd (13)]
  1805 | D:3      | HP: 2/40 [gnoll/+0 halberd (3)]
  1806 | D:3      | 1806 ||| DRINKING potion of heal wounds.
  1812 | D:3      | HP: 8/40 [gnoll/+0 halberd (5)]
  2102 | D:3      | 2102 ||| READING scroll of identify.
  2102 | D:3      | 2102 ||| IDENTIFYING scroll labelled TEWEDIRITH
  2103 | D:3      | 2103 ||| DROPPING scroll of poison.
  2176 | D:4      | Reached skill level 5 in Ranged Weapons
  2176 | D:4      | Reached XP level 6. HP: 44/46 MP: 0/0
  2229 | D:4      | Reached skill level 3 in Dodging
  2290 | D:4      | HP: 4/46 [iguana (12)]
  2479 | D:4      | Found Otigo's Antique Armour Shoppe.
  2484 | D:4      | 2484 ||| BUYING cloak (90 gold).
  2484 | D:4      | Bought a cloak for 90 gold pieces
  2484 | D:4      | 2484 ||| SHOPLISTING runed leather armour (100 gold, have
                  | 80).
  2816 | D:4      | Found a snail-covered altar of Cheibriados.
  2817 | D:4      | 2817 ||| UPGRADING to +0 cloak.
  2822 | D:4      | 2822 ||| READING scroll labelled JIOTHEPSEI.
  2823 | D:4      | 2823 ||| READING scroll labelled XEAQEE ETUTU.
  3049 | D:4      | Found a glowing silver altar of Zin.
  3215 | D:5      | Entered Level 5 of the Dungeon
  3216 | D:5      | 3216 ||| PLANNING SEWER
  3277 | D:5      | Reached XP level 7. HP: 51/52 MP: 0/0
  3277 | D:5      | Learned a level 2 spell: Call Imp
  3334 | D:5      | HP: 13/52 [black bear (1)]
  3335 | D:5      | HP: 3/52 [black bear (6)]
  3530 | D:5      | Found a glowing drain.
  3553 | Sewer    | Entered a sewer
  3635 | Sewer    | Reached skill level 6 in Ranged Weapons
  3700 | Sewer    | HP: 9/52 [acid (10)]
  3708 | Sewer    | HP: 11/52 [frilled lizard (1)]
  3854 | Sewer    | Found a viscous altar of Jiyva.
  4055 | Sewer    | 4055 ||| READING scroll labelled DUYLOP GOFITI.
  4056 | Sewer    | 4056 ||| READING 2 scrolls labelled ICVELE VEOT.
  4057 | Sewer    | 4057 ||| READING scroll labelled SOMPAL TUATOI.
  4057 | Sewer    | Identified a scroll of acquirement
  4057 | Sewer    | 4057 ||| ACQUIRING ring "Huirphur" {rF+ rCorr}
  4057 | Sewer    | Acquired the ring "Huirphur" {rF+ rCorr}
  4059 | Sewer    | 4059 ||| UPGRADING to ring "Huirphur" {rF+ rCorr}.
  4060 | Sewer    | 4060 ||| DRINKING 2 metallic yellow potions.
  4061 | Sewer    | 4061 ||| DROPPING scroll of blinking.
  4078 | D:5      | 4078 ||| PLANNING D:1-11
  4182 | D:5      | Found Liulone's Armour Emporium.
  4203 | D:5      | Reached XP level 8. HP: 39/58 MP: 0/0
  4312 | D:5      | 4312 ||| BUYING +0 helmet (63 gold).
  4312 | D:5      | Bought a +0 helmet for 63 gold pieces
  4437 | D:5      | Found a white marble altar of Elyvilon.
  4456 | D:5      | Found an ornate altar of the Wu Jian Council.
  4638 | D:5      | 4638 ||| UPGRADING to +0 helmet.
  4682 | D:6      | Reached skill level 7 in Ranged Weapons
  4785 | D:6      | Found a shimmering altar of Xom.
  4815 | D:6      | 4815 ||| RETREEEEATING.
  4833 | D:6      | 4833 ||| FLEEEEING.
  5006 | D:6      | HP: 13/59 [orc warrior/+0 trident (8)]
  5009 | D:6      | HP: 5/59 [orc warrior/+0 trident (8)]
  5012 | D:6      | Slain by an orc warrior

Levels and vault maps discovered:
D:1:      dpeg_arrival_stone_temple_mockup, layout_basic, serial_shops, shop,
          hellmonk_ecumenical_altar_run_dry, kennysheep_pointless_box
D:2:      layout_loops_corners
D:3:      layout_basic, mainiacjoe_overflow_six_doors_small,
          ebering_ghost_disaster_area, minmay_checkerbox
D:4:      layout_loops_cross, cheibrodos_worm_habitat,
          mainiacjoe_overflow_alcove_4, serial_shops, nicolae_diamond_shop,
          st_stairs_3
D:5:      layout_loops_cross, elyvilon_altar_3, kennysheep_mini_moat,
          cheibrodos_sewer_entry_drain, serial_shops,
          nicolae_shop_advertising_works [nicolae_subvault_shop_adworks],
          minmay_statues_item
D:6:      layout_gridville, old_standard_altar, serial_shops,
          nicolae_stop_n_shop_1

Skill      XL: |  1  2  3  4  5  6  7  8 |
---------------+-------------------------+-----
Ranged Weapons | 4 5 6 7 |  7.2
Fighting       | 3 4 5 |  5.0
Armour         | 1 2 |  2.1
Dodging        | 3 4 |  4.1
Stealth        | |  0.7

Action                     |  1- 3 |  4- 6 |  7- 9 || total
---------------------------+-------+-------+-------++-------
   Fire: Shortbow          |    99 |   161 |   270 ||   530
    Use: Scroll            |     5 |     5 |     3 ||    13
         Potion            |     1 |     1 |     1 ||     3
 Armour: Leather armour    |    35 |       |       ||    35
         Ring mail         |       |    59 |   194 ||   253
  Dodge: Dodged            |    37 |    46 |   150 ||   233

Table legend:
 A = Non-vault XP
 B = Vault XP
 C = Vault XP percentage of total XP
 D = Non-vault monster count
 E = Vault monster count
 F = Vault count percentage of total count
                 A         B        C        D         E       F
            +---------+---------+-------+---------+---------+-------
      Total |    1436 |     280 |  16.3 |      92 |      27 |  22.7
            +---------+---------+-------+---------+---------+-------
        D:1 |      16 |       0 |   0.0 |      10 |       0 |   0.0
        D:2 |      86 |       0 |   0.0 |      25 |       0 |   0.0
        D:3 |     126 |      19 |  13.1 |      16 |       4 |  20.0
        D:4 |     220 |      43 |  16.3 |      11 |       3 |  21.4
        D:5 |     530 |       3 |   0.6 |      19 |       2 |   9.5
        D:6 |     458 |       0 |   0.0 |      11 |       0 |   0.0
      Sewer |       0 |     215 | 100.0 |       0 |      18 | 100.0
            +---------+---------+-------+---------+---------+-------
